AoeStats
← ING.PATRICK

Arabia

503321289Analyzed
1v1 RM · 1mo ago on Aug 31, 2026· 26m 22s· 2 players
Game mode
Random Map
Map size
Tiny (2 player)
Population
200
Speed
Normal
Resources
Standard
Victory
Conquest
Starting age
Dark Age
Ending age
Imperial Age
RankedLock teamsTeams togetherTeam positionsShared explorationLock speedFull tech treeHidden civsTurbo modeCheats
Victory
Defeat
🇵🇪 Poles · Peru
928
+29
🇨🇱 Poles · Chile
916
-15
sokaa
7:01 Loom
7:48 Loom
11:25 Feudal Age
28:14 Castle Age
ING.PATRICK
6:12 Loom
9:01 Feudal Age
10:23 Double-Bit Axe
10:41 Horse Collar
16:19 Fletching
22:00 Castle Age
21:36 Forging
22:33 Bloodlines
23:01 Bow Saw
22:15 Light Cavalry
23:03 Scale Barding Armor
22:20 Crossbowman
23:11 Heavy Plow
23:47 Husbandry
23:54 Bodkin Arrow
25:33 Wheelbarrow
26:22 Chain Barding Armor
Connection lost

Rejoining the realm…

Still unreachable

The connection could not be restored.

Session expired

The server has moved on; the page needs a fresh start.